 Dungeon Crawl Stone Soup version 0.30.1-11-g7821555f0a (webtiles) character file.

Game seed: 13316424705573494534

1712 KittyFluff the Covered (level 9, -1/55 HPs)
             Began as a Gargoyle Berserker on Nov 10, 2023.
             Was an Elder of Trog.
             Slain by a vampire (7 damage)
             ... on level 6 of the Dungeon.
             The game lasted 00:21:49 (4995 turns).

KittyFluff the Covered (Gargoyle Berserker)         Turns: 4995, Time: 00:21:50

Health: -1/55      AC: 12    Str: 24    XL:     9   Next: 4%
Magic:  9/9        EV: 13    Int: 12    God:    Trog [****..]
Gold:   99         SH:  0    Dex: 15    Spells: 8/8 levels left

rFire   . . .        o - +9 whip of Fatigue {drain, rN++ rCorr Int+3 Stlth+}
rCold   . . .        (no shield)
rNeg    + + +        k - +0 leather armour
rPois   ∞            (no helmet)
rElec   +            (no cloak)
rCorr   +            w - +0 pair of gloves
SInv    .            d - +0 pair of boots
Will    .....        E - amulet of the acrobat
Stlth   ++           G - +6 ring of dexterity
HPRegen 0.29/turn    (no ring)
MPRegen 0.11/turn

%: acrobat
@: confused
A: sickness immunity, AC +6, negative energy resistance 1, electricity
resistance, torment resistance 1, petrification resistance
a: Renounce Religion, Berserk, Trog's Hand, Brothers in Arms


You were on level 6 of the Dungeon.
You worshipped Trog.
Trog was greatly pleased with you.
You visited 1 branch of the dungeon, and saw 6 of its levels.
You also visited: Ossuary.

You collected 374 gold pieces.
You spent 275 gold pieces at shops.

Inventory:

Hand Weapons
 a - a +0 mace
 f - a +0 quarterstaff
 m - a +0 sling
 o - the +9 whip of Fatigue (weapon) {drain, rN++ rCorr Int+3 Stlth+}
   (You found it on level 2 of the Dungeon)

   Int:       It affects your intelligence (+3).
   rN:        It greatly protects you from negative energy.
   rCorr:     It protects you from acid and corrosion.
   Stlth:     It makes you more stealthy.
 I - a +2 antimagic sling
Missiles
 i - 3 boomerangs (quivered)
Armour
 d - a +0 pair of boots (worn)
 k - a +0 leather armour (worn)
 w - a +0 pair of gloves (worn)
 y - the +1 scale mail "Biulew" {SInv}
   (You bought it in a shop on level 2 of the Dungeon)

   SInv:      It lets you see invisible.
Jewellery
 b - an amulet of faith
 E - an amulet of the acrobat (around neck)
 G - a +6 ring of dexterity (left hand)
Wands
 r - a wand of mindburst (19)
 x - a wand of flame (49)
Scrolls
 e - a scroll of enchant weapon {unknown}
 h - 5 scrolls of teleportation {unknown}
 j - 2 scrolls of fear {unknown}
 l - 2 scrolls of amnesia {unknown}
 n - 3 scrolls of noise
 t - a scroll of poison
 u - 3 scrolls of fog {unknown}
 v - 2 scrolls of enchant armour
 C - 2 scrolls of blinking
 D - a scroll of butterflies
 H - a scroll of magic mapping
Potions
 c - a potion of might
 g - 2 potions of lignification
 p - 3 potions of flight
 q - a potion of attraction
 s - 3 potions of heal wounds
 z - 3 potions of brilliance {unknown}
 A - a potion of degeneration {unknown}
 B - a potion of curing {unknown}
 F - a potion of mutation {unknown}


   Skills:
 + Level 5.6 Fighting
 * Level 6.7 Maces & Flails
 * Level 6.9 Armour
 + Level 3.8 Dodging
 + Level 4.8 Stealth


You had 8 spell levels left.
You didn't know any spells.
Your spell library was empty.

Dungeon Overview and Level Annotations

Branches:
Dungeon (6/15)             Temple (0/1) D:4         Ossuary (visited)

Altars:
Ashenzari
Elyvilon
Makhleb
Trog
Uskayaw

Shops:
D:2 [*:*!


Innate Abilities, Weirdness & Mutations

You are immune to sickness and miasma.
Your stone body is resilient. (AC +6)
You are immune to poison.
You resist negative energy. (rN+)
You are resistant to electric shocks. (rElec)
You are resistant to unholy torment.
You are immune to petrification.


Message History

You hit something. Something hits you but does no damage.
Something bites you but does no damage.
You barely miss something.
You hear some strange, mumbled words.
You are confused.
Something hits you but does no damage. Something bites you.
You're too confused to move!
Something hits you! Something bites you.
* * * LOW HITPOINT WARNING * * *
You bump into the rock wall.
Something hits you.
* * * LOW HITPOINT WARNING * * *
Something bites you but does no damage.
You closely miss something. Something hits you but does no damage.
Something bites you but does no damage.
You hear some strange, mumbled words.
You are more confused.
You start resting.
Something barely misses you. Something bites you but does no damage.
You closely miss something. Something barely misses you.
Something completely misses you. Something closely misses you.
Something bites you but does no damage.
You barely miss something. Something hits you.
* * * LOW HITPOINT WARNING * * *
Something bites you.
* * * LOW HITPOINT WARNING * * *
You hit something but do no damage. Something hits you but does no damage.
Something bites you.
* * * LOW HITPOINT WARNING * * *
You closely miss something. Something hits you but does no damage.
Something bites you but does no damage.
You completely miss something. Something hits you but does no damage.
Something bites you but does no damage.
You hit something but do no damage.
You feel less confused.
Unknown command.
You barely miss something.
You hear some strange, mumbled words.
You are confused.
Something completely misses you. Something misses you.
You miss something. Something hits you!
You die...

#.####.###....##
..............#
#............#
#?.......>...#
###............#
...............########
#...........##......
#...{.......##)####.
#..@...........# #.
#...........#######.
#############.......
......... .......>.
......... ##.#.##.# #
#$ #.# # #.#


There were no monsters in sight!

Vanquished Creatures
  Prince Ribbit (D:5)
  Edmund (D:5)
  2 ogres
  A phantom (D:5)
  2 scorpions
  2 water moccasin zombies (Ossuary)
  A howler monkey (D:4)
  4 centaur zombies (Ossuary)
  4 bullfrog zombies (Ossuary)
  3 jellies
  A hound (D:5)
  A sleepcap (D:6)
  2 orc wizards (D:4)
  An iguana (D:5)
  A killer bee zombie (Ossuary)
  15 mummies (Ossuary)
  2 howler monkey zombies (Ossuary)
  3 gnolls (D:4)
  An adder (D:5)
  2 worms
  5 dart slugs
  8 orcs
  3 endoplasms
  3 giant cockroaches
  3 goblins
  9 hobgoblins
  2 jackals (D:5)
  5 kobolds
  4 quokkas
  7 ball pythons
  8 bats
  3 frilled lizards (D:1)
  4 rats
114 creatures vanquished.

Notes
Turn   | Place    | Note
-------+----------+-------------------------------------------
     0 | D:1      | KittyFluff the Gargoyle Berserker began the quest for the
                  | Orb.
     0 | D:1      | Reached XP level 1. HP: 14/14 MP: 1/1
    62 | D:1      | Found a faded altar of an unknown god.
   182 | D:1      | Reached XP level 2. HP: 19/19 MP: 2/2
  1014 | D:2      | Reached skill level 1 in Stealth
  1014 | D:2      | Reached XP level 3. HP: 23/23 MP: 3/3
  1014 | D:2      | Found Waka's Armour Boutique.
  1060 | D:2      | Found Wowneudd's Book Shop.
  1061 | D:2      | Found Wellat's General Store.
  1104 | D:2      | Bought a scroll of noise for 13 gold pieces
  1193 | D:2      | Identified the +9 whip of Fatigue {drain, rN++ rCorr Int+3
                  | Stlth+}
  1216 | D:2      | Found Puyfidwa's Distillery.
  1385 | D:2      | Found Vober's General Store.
  1398 | D:2      | Bought a scroll of identify for 20 gold pieces
  1537 | D:3      | Found a white marble altar of Elyvilon.
  1549 | D:3      | Reached ** piety under Trog
  1692 | D:3      | Found a bloodstained altar of Trog.
  1712 | D:3      | Found a broken altar of Ashenzari.
  2283 | D:4      | Reached XP level 4. HP: 25/29 MP: 4/4
  2283 | D:4      | Found a staircase to the Ecumenical Temple.
  2358 | D:4      | Reached XP level 5. HP: 15/33 MP: 5/5
  2488 | D:4      | Found a burning altar of Makhleb.
  2585 | D:4      | Reached XP level 6. HP: 35/38 MP: 6/6
  2669 | D:4      | Reached *** piety under Trog
  2710 | D:5      | Entered Level 5 of the Dungeon
  2861 | D:5      | Found a sand-covered staircase.
  2866 | Ossuary  | Entered an ossuary
  2890 | Ossuary  | Reached XP level 7. HP: 31/44 MP: 7/7
  2934 | Ossuary  | Reached skill level 5 in Maces & Flails
  2941 | Ossuary  | Reached skill level 5 in Armour
  3177 | Ossuary  | Reached XP level 8. HP: 46/48 MP: 8/8
  3225 | Ossuary  | Reached skill level 5 in Fighting
  3715 | D:5      | Reached **** piety under Trog
  3894 | D:5      | Noticed Prince Ribbit
  3913 | D:5      | Killed Prince Ribbit
  4224 | D:2      | Bought the +1 scale mail "Biulew" {SInv} for 242 gold
                  | pieces
  4360 | D:5      | Noticed a +0 short sword
  4360 | D:5      | Noticed a +0 spear
  4372 | D:5      | Noticed a +0 dagger
  4372 | D:5      | Noticed a +0 short sword
  4372 | D:5      | Noticed a +0 dagger
  4372 | D:5      | Noticed a +0 spear
  4373 | D:5      | Noticed a +0 falchion
  4377 | D:5      | Noticed a +0 falchion
  4470 | D:5      | Found a hide-covered altar of Uskayaw.
  4645 | D:5      | Noticed Edmund
  4655 | D:5      | Killed Edmund
  4948 | D:6      | Reached XP level 9. HP: 48/54 MP: 9/9
  4995 | D:6      | Slain by a vampire

Illustrated notes

Levels and vault maps discovered:
D:1:      minmay_arrival_stone_box, layout_basic,
          ebering_ecumenical_altar_sacrificial
D:2:      layout_rooms, serial_shops, shop, shop, shop, shop,
          nicolae_shop_pleasant_corner_grove, chequers_serial_rivers_micro_a,
          grunt_decor_resistance
D:3:      layout_loops_ring, mainiacjoe_overflow_small_starburst,
          mainiacjoe_overflow_cross_hatched, mainiacjoe_overflow_surrounded_room
D:4:      layout_rooms, bloody_makhleb, minmay_temple_entry_statues_pillars
D:5:      layout_gridville, nicolae_uskayaw_en_pointe, enter_ossuary_5,
          serial_park_tiny_1, uniq_prince_ribbit1, uniq_edmund
D:6:      layout_basic

Skill      XL: |  1  2  3  4  5  6  7  8 |
---------------+-------------------------+-----
Stealth        | 1 2 3 4 |  4.8
Armour         | 3 4 5 6 |  6.9
Dodging        | 2 3 |  3.8
Maces & Flails | 4 5 6 |  6.7
Fighting       | 4 5 |  5.6

Action                     |  1- 3 |  4- 6 |  7- 9 || total
---------------------------+-------+-------+-------++-------
  Melee: Mace              |    79 |       |       ||    79
         Whip              |    28 |    74 |   216 ||   318
         Punch             |       |     3 |     2 ||     5
    Use: Scroll            |     2 |     4 |     5 ||    11
   Stab: Sleeping          |     4 |     3 |     3 ||    10
         Distracted        |       |       |     1 ||     1
 Armour: Animal skin       |    33 |       |       ||    33
         Leather armour    |    17 |    19 |    84 ||   120
  Dodge: Dodged            |    68 |    28 |   104 ||   200
